[ AOE2 MATCH · #488990184 ]
UnrankedMagyars vs Italians
[ REPLAY ANALYSIS · EXTRACTED FROM THE RECORDED GAME ]
Feudal
11:42
Castle
16:09
Imperial
30:46
| APM avg | 29.6 |
| APM peak | 71 |
| eAPM avg | 14.5 |
| Villagers / military | 152 / 168 |
Focus
⚔️ 22.1% · 🌾 77.9%
Knight ×168
Feudal
12:03
Castle
16:23
Imperial
—
| APM avg | 16.5 |
| APM peak | 114 |
| eAPM avg | 8.6 |
| Villagers / military | 102 / 4 |
Focus
⚔️ 10.9% · 🌾 89.1%
Mangonel ×2 · Spearman ×2
Feudal
12:17
Castle
15:54
Imperial
32:05
| APM avg | 36.4 |
| APM peak | 70 |
| eAPM avg | 20.2 |
| Villagers / military | 134 / 10 |
Focus
⚔️ 26.7% · 🌾 73.3%
Unknown (1944) ×20 · Unknown (1952) ×20 · Monk ×3 · Archer ×3 · Spearman ×2 · Scout Cavalry ×1
Feudal
10:42
Castle
23:34
Imperial
44:20
| APM avg | 20.9 |
| APM peak | 49 |
| eAPM avg | 14.6 |
| Villagers / military | 165 / 187 |
Focus
⚔️ 39.5% · 🌾 60.5%
Steppe Lancer ×81 · Spearman ×32 · Knight ×24 · Kipchak ×19 · Battering Ram ×17 · Scorpion ×11
Feudal
10:20
Castle
15:17
Imperial
—
| APM avg | 33.6 |
| APM peak | 92 |
| eAPM avg | 19.5 |
| Villagers / military | 111 / 68 |
Focus
⚔️ 33.5% · 🌾 66.5%
Magyar Huszar ×40 · Knight ×19 · Scout Cavalry ×8 · Mangonel ×1
Feudal
10:10
Castle
14:09
Imperial
39:43
| APM avg | 40.3 |
| APM peak | 79 |
| eAPM avg | 23.4 |
| Villagers / military | 150 / 125 |
Focus
⚔️ 39.0% · 🌾 61.0%
Monk ×44 · Armored Elephant ×43 · Camel Scout ×35 · Shrivamsha Rider ×3
Feudal
10:52
Castle
16:53
Imperial
33:54
| APM avg | 29.7 |
| APM peak | 83 |
| eAPM avg | 19.3 |
| Villagers / military | 173 / 443 |
Focus
⚔️ 32.6% · 🌾 67.4%
Militia ×210 · Spearman ×200 · Teutonic Knight ×30 · Mangonel ×3
Feudal
10:31
Castle
14:06
Imperial
28:07
| APM avg | 80.3 |
| APM peak | 131 |
| eAPM avg | 53.4 |
| Villagers / military | 156 / 137 |
Focus
⚔️ 61.9% · 🌾 38.1%
Scout Cavalry ×106 · Unknown (1952) ×76 · Unknown (1944) ×50 · Traction Trebuchet ×15 · Spearman ×7 · Unknown (1949) ×5
Match map
Initial resources + every placement click. Lines = walls · curves = elevation contours. ◆ gold · ⬟ stone · ● berries · ✦ relic · ◌ wall gap
Your base· ✓ Closed at 16:09 · 0t walls · 2 gate(s)
Sir Percival's base· ✓ Closed at 16:23 · 0t walls · 2 gate(s)
Havsutsikt's base· ✓ Closed at 15:54 · 1t walls · 3 gate(s)
8oE. Jonza's base· ✓ Closed at 23:34 · 0t walls · 3 gate(s)
Blaich's base· ✓ Closed at 15:17 · 0t walls · 3 gate(s)
ELEG | IronLeg's base· ✓ Closed at 14:09 · 0t walls · 3 gate(s)
Lord Pittbull's base· ✓ Closed at 16:53 · 5t walls · 2 gate(s)
Saturno 1343's base· ✓ Closed at 14:07 · 0t walls · 2 gate(s)
Smoothed initial terrain · ◌ = detected wall gap · hover for details
Inputs per minute
— ASHBORN - - Sir Percival
Build order — ASHBORN
First 150 of 268 actions detected
| 0:03 | Queue | Villager (Male) ×4 |
| 0:03 | Queue | Villager (Male) ×4 |
| 0:05 | Build | House |
| 0:06 | Build | House |
| 1:34 | Queue | Villager (Male) |
| 1:34 | Queue | Villager (Male) |
| 1:52 | Build | Lumber Camp |
| 2:27 | Queue | Villager (Male) |
| 2:27 | Queue | Villager (Male) |
| 2:28 | Queue | Villager (Male) |
| 2:28 | Queue | Villager (Male) |
| 3:08 | Queue | Villager (Male) |
| 3:09 | Queue | Villager (Male) |
| 3:36 | Queue | Villager (Male) |
| 4:17 | Build | House |
| 4:21 | Build | House |
| 4:29 | Queue | Villager (Male) |
| 4:29 | Queue | Villager (Male) |
| 4:29 | Queue | Villager (Male) |
| 4:34 | Build | House |
| 4:35 | Build | House |
| 5:05 | Queue | Villager (Male) |
| 5:06 | Queue | Villager (Male) |
| 5:29 | Build | Mill |
| 5:34 | Queue | Villager (Male) |
| 5:34 | Queue | Villager (Male) |
| 5:34 | Queue | Villager (Male) |
| 5:36 | Queue | Villager (Male) |
| 6:37 | Queue | Villager (Male) |
| 6:37 | Queue | Villager (Male) |
| 6:38 | Queue | Villager (Male) |
| 8:04 | Build | Mining Camp |
| 8:06 | Queue | Villager (Male) |
| 8:07 | Queue | Villager (Male) |
| 8:07 | Queue | Villager (Male) |
| 8:43 | Queue | Villager (Male) |
| 8:58 | Build | Farm |
| 9:01 | Build | Farm |
| 9:04 | Build | Farm |
| 9:07 | Build | Farm |
| 9:13 | Research | Feudal Age |
| 9:40 | Build | House |
| 9:45 | Queue | Villager (Male) |
| 9:45 | Queue | Villager (Male) |
| 9:46 | Queue | Villager (Male) |
| 9:46 | Queue | Villager (Male) |
| 10:03 | Build | Farm |
| 11:42 | Age | Feudal Age |
| 11:45 | Build | Blacksmith |
| 11:48 | Build | Market |
| 12:11 | Build | Farm |
| 12:36 | Build | Farm |
| 12:42 | Queue | Villager (Male) |
| 12:48 | Build | House |
| 13:29 | Research | Castle Age |
| 13:30 | Research | Castle Age |
| 13:35 | Build | Barracks |
| 13:42 | Research | Double-Bit Axe |
| 13:51 | Build | Farm |
| 14:37 | Queue | Villager (Male) |
| 14:37 | Queue | Villager (Male) |
| 14:38 | Queue | Villager (Male) |
| 14:57 | Build | Stable |
| 15:02 | Build | Stable |
| 15:34 | Research | Horse Collar |
| 15:46 | Research | Scale Barding Armor |
| 15:55 | Research | Bloodlines |
| 16:09 | Age | Castle Age |
| 16:17 | Build | House |
| 16:44 | Queue | Knight |
| 16:49 | Queue | Knight |
| 16:55 | Build | Farm |
| 16:55 | Build | Farm |
| 16:56 | Build | Farm |
| 16:59 | Build | Farm |
| 17:01 | Queue | Villager (Male) |
| 17:05 | Build | Farm |
| 17:10 | Build | House |
| 17:12 | Queue | Knight |
| 17:26 | Queue | Knight |
| 17:29 | Queue | Villager (Male) |
| 17:32 | Build | Farm |
| 17:38 | Build | House |
| 17:50 | Queue | Knight |
| 17:51 | Queue | Knight |
| 17:56 | Build | Farm |
| 18:00 | Queue | Knight |
| 18:07 | Build | House |
| 18:14 | Queue | Villager (Male) |
| 18:14 | Queue | Villager (Male) |
| 18:17 | Build | Farm |
| 18:35 | Queue | Knight |
| 18:51 | Queue | Villager (Male) |
| 18:52 | Build | Farm |
| 18:55 | Build | House |
| 18:57 | Queue | Knight |
| 18:58 | Queue | Villager (Male) |
| 19:20 | Queue | Knight |
| 19:22 | Queue | Villager (Male) |
| 19:23 | Queue | Villager (Male) |
| 19:25 | Build | Farm |
| 19:28 | Build | House |
| 19:45 | Queue | Knight |
| 19:45 | Queue | Knight |
| 19:59 | Build | Farm |
| 20:06 | Queue | Villager (Male) |
| 20:06 | Queue | Villager (Male) |
| 20:31 | Build | Farm |
| 20:34 | Queue | Knight |
| 20:37 | Queue | Knight |
| 20:38 | Queue | Villager (Male) |
| 21:05 | Build | Farm |
| 21:06 | Queue | Villager (Male) |
| 21:30 | Build | Farm |
| 21:31 | Queue | Villager (Male) |
| 21:32 | Queue | Villager (Male) |
| 22:12 | Build | Town Center |
| 22:14 | Queue | Villager (Male) |
| 22:32 | Research | Chain Barding Armor |
| 22:33 | Queue | Villager (Male) |
| 22:43 | Build | House |
| 22:44 | Build | House |
| 23:14 | Build | Farm |
| 23:15 | Queue | Villager (Male) |
| 23:40 | Build | Farm |
| 23:40 | Queue | Villager (Male) |
| 23:41 | Queue | Villager (Male) |
| 23:43 | Queue | Villager (Male) |
| 23:44 | Queue | Villager (Male) |
| 23:46 | Queue | Villager (Male) |
| 23:46 | Queue | Villager (Male) |
| 24:07 | Build | Farm |
| 24:09 | Build | House |
| 24:13 | Queue | Villager (Male) ×5 |
| 24:15 | Research | Wheelbarrow |
| 24:33 | Build | Farm |
| 24:35 | Build | Farm |
| 24:41 | Queue | Villager (Male) ×5 |
| 24:44 | Build | House |
| 24:59 | Build | Monastery |
| 25:16 | Build | House |
| 25:23 | Build | Lumber Camp |
| 25:28 | Queue | Villager (Male) |
| 25:28 | Queue | Villager (Male) |
| 25:46 | Research | Husbandry |
| 25:49 | Build | House |
| 25:58 | Build | University |
| 26:28 | Build | House |
| 26:29 | Build | House |
| 26:30 | Build | House |
Build order — Sir Percival
145 actions detected in the replay
| 0:01 | Queue | Villager (Male) |
| 0:01 | Queue | Villager (Male) |
| 0:03 | Build | House |
| 0:05 | Build | House |
| 0:27 | Queue | Villager (Male) |
| 0:27 | Queue | Villager (Male) |
| 0:27 | Queue | Villager (Male) |
| 1:48 | Queue | Villager (Male) |
| 1:48 | Queue | Villager (Male) |
| 2:25 | Queue | Villager (Male) |
| 2:25 | Queue | Villager (Male) |
| 2:28 | Build | Lumber Camp |
| 2:41 | Queue | Villager (Male) |
| 2:41 | Queue | Villager (Male) |
| 2:56 | Build | House |
| 2:58 | Build | House |
| 3:02 | Queue | Villager (Male) |
| 3:32 | Queue | Villager (Male) |
| 3:32 | Queue | Villager (Male) |
| 4:29 | Queue | Villager (Male) |
| 4:30 | Queue | Villager (Male) |
| 4:30 | Queue | Villager (Male) |
| 5:24 | Queue | Villager (Male) |
| 5:24 | Queue | Villager (Male) |
| 5:25 | Queue | Villager (Male) |
| 5:25 | Queue | Villager (Male) |
| 5:25 | Queue | Villager (Male) |
| 6:17 | Queue | Villager (Male) |
| 6:37 | Queue | Villager (Male) |
| 6:42 | Build | Mill |
| 8:13 | Queue | Villager (Male) |
| 8:13 | Queue | Villager (Male) |
| 8:14 | Queue | Villager (Male) |
| 8:16 | Queue | Villager (Male) |
| 8:31 | Build | House |
| 8:45 | Build | Mining Camp |
| 9:22 | Research | Feudal Age |
| 9:44 | Queue | Villager (Male) |
| 9:44 | Queue | Villager (Male) |
| 9:46 | Research | Loom |
| 10:10 | Build | Mining Camp |
| 11:04 | Queue | Villager (Male) |
| 11:04 | Queue | Villager (Male) |
| 12:03 | Age | Feudal Age |
| 12:05 | Build | Market |
| 12:16 | Build | Blacksmith |
| 13:42 | Research | Castle Age |
| 14:03 | Queue | Villager (Male) |
| 14:03 | Queue | Villager (Male) |
| 14:05 | Queue | Villager (Male) |
| 14:23 | Build | Farm |
| 14:25 | Build | Farm |
| 14:26 | Build | Farm |
| 14:27 | Build | Farm |
| 15:13 | Build | Lumber Camp |
| 15:43 | Build | House |
| 16:23 | Age | Castle Age |
| 16:52 | Build | Siege Workshop |
| 17:17 | Build | Castle |
| 18:11 | Build | Siege Workshop |
| 18:25 | Build | Lumber Camp |
| 18:41 | Queue | Mangonel |
| 18:41 | Queue | Mangonel |
| 20:10 | Build | Town Center |
| 20:25 | Build | Castle |
| 21:18 | Research | Double-Bit Axe |
| 21:33 | Build | Town Center |
| 22:05 | Queue | Villager (Male) ×4 |
| 22:05 | Queue | Villager (Male) ×4 |
| 24:05 | Build | Mill |
| 25:35 | Build | Farm |
| 25:36 | Build | Farm |
| 25:37 | Build | Farm |
| 25:38 | Build | Farm |
| 25:39 | Build | Farm |
| 26:46 | Build | Farm |
| 26:58 | Queue | Villager (Male) |
| 26:58 | Queue | Villager (Male) |
| 27:24 | Queue | Villager (Male) |
| 27:24 | Queue | Villager (Male) |
| 27:43 | Queue | Villager (Male) |
| 28:00 | Build | Farm |
| 28:02 | Queue | Villager (Male) |
| 28:02 | Queue | Villager (Male) |
| 28:17 | Queue | Villager (Male) |
| 28:18 | Queue | Villager (Male) |
| 28:44 | Queue | Villager (Male) |
| 28:45 | Queue | Villager (Male) |
| 28:53 | Queue | Villager (Male) |
| 28:53 | Queue | Villager (Male) |
| 29:25 | Queue | Villager (Male) |
| 29:32 | Build | Farm |
| 29:34 | Build | Farm |
| 29:36 | Queue | Villager (Male) |
| 29:54 | Queue | Villager (Male) |
| 29:54 | Queue | Villager (Male) |
| 30:03 | Queue | Villager (Male) |
| 30:04 | Queue | Villager (Male) |
| 30:13 | Build | Farm |
| 30:24 | Queue | Villager (Male) |
| 30:35 | Queue | Villager (Male) |
| 30:42 | Build | Farm |
| 30:52 | Queue | Villager (Male) |
| 30:52 | Queue | Villager (Male) |
| 31:04 | Build | Farm |
| 31:08 | Queue | Villager (Male) |
| 31:08 | Queue | Villager (Male) |
| 31:14 | Queue | Villager (Male) |
| 31:31 | Queue | Villager (Male) |
| 31:31 | Queue | Villager (Male) |
| 31:40 | Queue | Villager (Male) |
| 31:40 | Queue | Villager (Male) |
| 31:41 | Queue | Villager (Male) |
| 32:39 | Queue | Villager (Male) ×5 |
| 33:34 | Build | Barracks |
| 33:35 | Build | Barracks |
| 33:36 | Build | Barracks |
| 33:39 | Build | Barracks |
| 33:43 | Queue | Villager (Male) ×5 |
| 33:43 | Queue | Villager (Male) |
| 33:44 | Queue | Villager (Male) |
| 33:51 | Queue | Villager (Male) |
| 34:54 | Build | Town Center |
| 35:00 | Queue | Villager (Male) |
| 36:09 | Research | Pikeman (upgrade) |
| 36:09 | Research | Pikeman (upgrade) |
| 36:50 | Queue | Spearman |
| 36:51 | Queue | Spearman |
| 39:11 | Queue | Villager (Male) |
| 39:11 | Queue | Villager (Male) |
| 39:11 | Queue | Villager (Male) |
| 39:12 | Queue | Villager (Male) |
| 39:54 | Queue | Villager (Male) |
| 39:55 | Queue | Villager (Male) |
| 41:05 | Queue | Villager (Male) |
| 41:05 | Queue | Villager (Male) |
| 41:08 | Build | Farm |
| 41:11 | Build | Farm |
| 41:49 | Queue | Villager (Male) |
| 41:50 | Queue | Villager (Male) |
| 43:01 | Queue | Villager (Male) |
| 43:01 | Queue | Villager (Male) |
| 43:18 | Build | Farm |
| 44:17 | Queue | Villager (Male) |
| 44:17 | Queue | Villager (Male) |
Build order — Havsutsikt
First 150 of 334 actions detected
| 0:01 | Queue | Villager (Male) ×4 |
| 0:02 | Build | House |
| 0:04 | Build | House |
| 1:25 | Queue | Villager (Male) |
| 1:25 | Queue | Villager (Male) |
| 2:07 | Queue | Villager (Male) |
| 2:14 | Build | Lumber Camp |
| 2:31 | Queue | Villager (Male) |
| 2:43 | Queue | Villager (Male) |
| 3:41 | Queue | Villager (Male) |
| 3:41 | Queue | Villager (Male) |
| 3:56 | Queue | Villager (Male) |
| 4:39 | Queue | Villager (Male) |
| 4:39 | Queue | Villager (Male) |
| 5:09 | Research | Loom |
| 5:11 | Build | House |
| 5:14 | Build | House |
| 5:15 | Build | House |
| 6:09 | Queue | Villager (Male) |
| 6:10 | Queue | Villager (Male) |
| 6:55 | Build | Mill |
| 7:09 | Queue | Villager (Male) |
| 7:25 | Queue | Villager (Male) |
| 7:52 | Queue | Villager (Male) |
| 8:08 | Queue | Villager (Male) |
| 8:28 | Queue | Villager (Male) |
| 8:43 | Queue | Villager (Male) |
| 9:20 | Build | Mining Camp |
| 9:22 | Queue | Villager (Male) |
| 10:07 | Research | Feudal Age |
| 10:16 | Build | Lumber Camp |
| 11:21 | Build | Farm |
| 11:23 | Build | Farm |
| 12:17 | Age | Feudal Age |
| 12:19 | Build | Market |
| 12:21 | Build | Blacksmith |
| 12:24 | Queue | Villager (Male) |
| 12:24 | Queue | Villager (Male) |
| 13:03 | Build | Farm |
| 13:13 | Research | Castle Age |
| 13:16 | Build | House |
| 13:27 | Build | Farm |
| 13:44 | Build | Palisade Wall |
| 14:02 | Queue | Villager (Male) |
| 14:02 | Queue | Villager (Male) |
| 14:11 | Research | Double-Bit Axe |
| 14:39 | Research | Horse Collar |
| 14:43 | Build | Farm |
| 14:48 | Build | Farm |
| 15:03 | Build | Barracks |
| 15:54 | Age | Castle Age |
| 15:59 | Build | Town Center |
| 16:06 | Build | Monastery |
| 16:15 | Queue | Spearman |
| 16:37 | Queue | Villager (Male) |
| 16:53 | Build | Town Center |
| 17:02 | Build | House |
| 17:04 | Queue | Monk |
| 17:11 | Queue | Villager (Male) |
| 17:13 | Queue | Villager (Male) |
| 17:33 | Queue | Villager (Male) |
| 17:35 | Queue | Villager (Male) |
| 17:36 | Queue | Villager (Male) |
| 17:41 | Build | Farm |
| 17:50 | Queue | Villager (Male) |
| 17:50 | Queue | Villager (Male) |
| 17:50 | Queue | Villager (Male) |
| 18:07 | Queue | Villager (Male) |
| 18:07 | Queue | Villager (Male) |
| 18:09 | Build | Farm |
| 18:13 | Build | Farm |
| 18:16 | Build | Farm |
| 18:18 | Build | Farm |
| 18:28 | Build | Farm |
| 18:28 | Queue | Villager (Male) |
| 18:28 | Queue | Villager (Male) |
| 18:29 | Queue | Villager (Male) |
| 18:41 | Queue | Spearman |
| 18:44 | Build | Farm |
| 18:52 | Build | Farm |
| 18:55 | Build | Farm |
| 18:57 | Build | Farm |
| 18:58 | Queue | Villager (Male) |
| 18:58 | Queue | Villager (Male) |
| 19:01 | Build | Farm |
| 19:16 | Queue | Villager (Male) |
| 19:16 | Queue | Villager (Male) |
| 19:19 | Build | Farm |
| 19:29 | Build | Farm |
| 19:38 | Queue | Villager (Male) |
| 19:38 | Queue | Villager (Male) |
| 19:52 | Queue | Villager (Male) |
| 19:52 | Queue | Villager (Male) |
| 19:52 | Queue | Villager (Male) |
| 19:54 | Queue | Villager (Male) |
| 20:07 | Build | Farm |
| 20:08 | Queue | Villager (Male) |
| 20:32 | Build | Farm |
| 20:32 | Queue | Villager (Male) |
| 20:32 | Queue | Villager (Male) |
| 20:33 | Queue | Villager (Male) |
| 20:33 | Queue | Villager (Male) |
| 20:35 | Build | Farm |
| 20:41 | Build | Farm |
| 20:43 | Queue | Villager (Male) |
| 20:43 | Queue | Villager (Male) |
| 20:43 | Queue | Villager (Male) |
| 20:49 | Build | House |
| 20:49 | Build | House |
| 21:00 | Queue | Villager (Male) |
| 21:00 | Queue | Villager (Male) |
| 21:10 | Research | Bow Saw |
| 21:17 | Research | Heavy Plow |
| 21:46 | Queue | Villager (Male) |
| 21:46 | Queue | Villager (Male) |
| 21:47 | Queue | Villager (Male) |
| 21:47 | Queue | Villager (Male) |
| 21:51 | Build | Lumber Camp |
| 21:59 | Research | Bow Saw |
| 22:03 | Build | Farm |
| 22:04 | Queue | Villager (Male) |
| 22:04 | Queue | Villager (Male) |
| 22:04 | Queue | Villager (Male) |
| 22:04 | Queue | Villager (Male) |
| 22:18 | Queue | Villager (Male) |
| 22:18 | Queue | Villager (Male) |
| 22:26 | Build | House |
| 22:26 | Build | House |
| 22:27 | Build | House |
| 22:28 | Build | House |
| 22:47 | Queue | Monk |
| 22:47 | Queue | Villager (Male) |
| 22:48 | Queue | Villager (Male) |
| 22:48 | Queue | Villager (Male) |
| 22:50 | Build | Farm |
| 22:53 | Build | Farm |
| 23:06 | Build | Farm |
| 23:10 | Research | Wheelbarrow |
| 23:24 | Queue | Villager (Male) |
| 23:24 | Queue | Villager (Male) |
| 23:27 | Build | Farm |
| 23:28 | Queue | Villager (Male) |
| 23:28 | Queue | Villager (Male) |
| 23:28 | Queue | Villager (Male) |
| 23:31 | Build | Mill |
| 23:32 | Build | Farm |
| 23:33 | Queue | Villager (Male) |
| 23:34 | Queue | Villager (Male) |
| 23:34 | Queue | Villager (Male) |
| 23:34 | Queue | Villager (Male) |
Build order — 8oE. Jonza
First 150 of 459 actions detected
| 0:01 | Queue | Villager (Male) |
| 0:01 | Queue | Villager (Male) |
| 0:02 | Queue | Villager (Male) |
| 0:02 | Queue | Villager (Male) |
| 0:04 | Build | House |
| 0:06 | Build | House |
| 1:31 | Queue | Villager (Male) |
| 1:32 | Queue | Villager (Male) |
| 1:50 | Build | Lumber Camp |
| 2:09 | Queue | Villager (Male) |
| 2:09 | Queue | Villager (Male) |
| 2:18 | Build | House |
| 2:19 | Build | House |
| 2:27 | Queue | Villager (Male) |
| 2:27 | Queue | Villager (Male) |
| 2:54 | Queue | Villager (Male) |
| 3:18 | Queue | Villager (Male) |
| 3:18 | Queue | Villager (Male) |
| 3:40 | Queue | Villager (Male) |
| 3:41 | Queue | Villager (Male) |
| 4:35 | Queue | Villager (Male) |
| 4:35 | Queue | Villager (Male) |
| 6:02 | Queue | Villager (Male) |
| 6:02 | Queue | Villager (Male) |
| 6:45 | Queue | Villager (Male) |
| 6:46 | Queue | Villager (Male) |
| 7:04 | Queue | Villager (Male) |
| 7:48 | Build | Mill |
| 7:51 | Queue | Villager (Male) |
| 8:17 | Research | Feudal Age |
| 8:46 | Queue | Villager (Male) |
| 8:47 | Queue | Villager (Male) |
| 9:03 | Queue | Villager (Male) |
| 9:15 | Build | House |
| 9:35 | Build | House |
| 9:37 | Build | House |
| 9:40 | Build | House |
| 10:11 | Queue | Villager (Male) |
| 10:42 | Age | Feudal Age |
| 10:53 | Build | Town Center |
| 10:58 | Queue | Villager (Male) |
| 11:00 | Research | Double-Bit Axe |
| 11:08 | Build | Blacksmith |
| 11:12 | Build | House |
| 11:15 | Queue | Villager (Male) |
| 11:15 | Queue | Villager (Male) |
| 11:27 | Queue | Villager (Male) |
| 11:50 | Build | House |
| 11:53 | Build | House |
| 11:57 | Queue | Villager (Male) |
| 12:22 | Queue | Villager (Male) |
| 13:02 | Queue | Villager (Male) |
| 13:02 | Queue | Villager (Male) |
| 13:15 | Queue | Villager (Male) |
| 13:45 | Queue | Villager (Male) |
| 13:45 | Queue | Villager (Male) |
| 13:54 | Build | Farm |
| 13:56 | Build | Farm |
| 13:58 | Build | Farm |
| 14:00 | Build | Farm |
| 14:03 | Build | Farm |
| 14:08 | Build | Farm |
| 14:11 | Build | Farm |
| 14:14 | Build | Farm |
| 14:17 | Build | Farm |
| 14:20 | Build | Farm |
| 14:24 | Queue | Villager (Male) |
| 14:25 | Queue | Villager (Male) |
| 14:36 | Queue | Villager (Male) |
| 14:36 | Queue | Villager (Male) |
| 14:42 | Build | Farm |
| 14:44 | Build | Farm |
| 14:54 | Build | Market |
| 14:58 | Build | House |
| 15:04 | Queue | Villager (Male) |
| 15:04 | Queue | Villager (Male) |
| 15:11 | Queue | Villager (Male) |
| 15:11 | Queue | Villager (Male) |
| 15:19 | Build | Farm |
| 15:25 | Build | Farm |
| 15:29 | Queue | Villager (Male) |
| 15:29 | Queue | Villager (Male) |
| 15:29 | Queue | Villager (Male) |
| 15:29 | Queue | Villager (Male) |
| 15:42 | Build | Farm |
| 15:44 | Build | Farm |
| 15:47 | Build | Farm |
| 15:57 | Build | Farm |
| 16:02 | Queue | Villager (Male) |
| 16:02 | Queue | Villager (Male) |
| 16:03 | Queue | Villager (Male) |
| 16:11 | Build | House |
| 16:12 | Build | House |
| 16:16 | Queue | Villager (Male) |
| 16:28 | Queue | Villager (Male) |
| 16:35 | Build | Farm |
| 16:37 | Build | Farm |
| 16:40 | Build | Farm |
| 16:42 | Build | Farm |
| 16:45 | Build | Farm |
| 16:50 | Build | Farm |
| 17:00 | Build | Farm |
| 17:03 | Queue | Villager (Male) |
| 17:04 | Queue | Villager (Male) |
| 17:04 | Queue | Villager (Male) |
| 17:04 | Queue | Villager (Male) |
| 17:13 | Queue | Villager (Male) |
| 17:13 | Queue | Villager (Male) |
| 17:24 | Build | Farm |
| 17:30 | Queue | Villager (Male) |
| 17:40 | Build | House |
| 17:42 | Build | House |
| 17:44 | Build | House |
| 17:48 | Queue | Villager (Male) |
| 17:48 | Queue | Villager (Male) |
| 17:54 | Build | Mining Camp |
| 17:57 | Queue | Villager (Male) |
| 17:59 | Research | Horse Collar |
| 18:05 | Build | Farm |
| 18:11 | Build | Farm |
| 18:14 | Build | Farm |
| 18:17 | Build | Farm |
| 18:22 | Build | Farm |
| 18:26 | Build | Farm |
| 18:32 | Queue | Villager (Male) |
| 18:32 | Queue | Villager (Male) |
| 18:42 | Build | House |
| 18:43 | Build | House |
| 18:47 | Build | House |
| 18:52 | Queue | Villager (Male) |
| 18:53 | Queue | Villager (Male) |
| 19:12 | Queue | Villager (Male) |
| 19:13 | Queue | Villager (Male) |
| 19:23 | Build | Barracks |
| 19:29 | Build | House |
| 19:29 | Build | House |
| 19:32 | Queue | Villager (Male) |
| 19:32 | Queue | Villager (Male) |
| 19:45 | Build | Farm |
| 19:57 | Build | Farm |
| 20:00 | Build | Farm |
| 20:04 | Build | Farm |
| 20:07 | Build | Farm |
| 20:13 | Research | Castle Age |
| 20:20 | Build | Farm |
| 20:23 | Queue | Villager (Male) |
| 20:25 | Research | Gold Mining |
| 20:25 | Research | Gold Mining |
| 20:34 | Queue | Villager (Male) |
| 20:44 | Build | Farm |
Build order — Blaich
First 150 of 327 actions detected
| 0:00 | Queue | Villager (Male) |
| 0:00 | Queue | Villager (Male) |
| 0:01 | Queue | Villager (Male) |
| 0:01 | Queue | Villager (Male) |
| 0:02 | Build | House |
| 0:05 | Build | House |
| 1:16 | Queue | Villager (Male) |
| 1:17 | Queue | Villager (Male) |
| 1:40 | Queue | Villager (Male) |
| 1:41 | Queue | Villager (Male) |
| 2:00 | Build | Lumber Camp |
| 2:08 | Build | House |
| 2:09 | Build | House |
| 2:12 | Queue | Villager (Male) |
| 2:12 | Queue | Villager (Male) |
| 3:04 | Queue | Villager (Male) |
| 3:04 | Queue | Villager (Male) |
| 3:18 | Queue | Villager (Male) |
| 3:18 | Queue | Villager (Male) |
| 3:51 | Queue | Villager (Male) |
| 3:51 | Queue | Villager (Male) |
| 4:23 | Queue | Villager (Male) |
| 4:23 | Queue | Villager (Male) |
| 4:41 | Queue | Villager (Male) |
| 5:09 | Queue | Villager (Male) |
| 5:36 | Queue | Villager (Male) |
| 5:58 | Queue | Villager (Male) |
| 5:59 | Queue | Villager (Male) |
| 6:17 | Build | Mill |
| 6:51 | Queue | Villager (Male) |
| 7:06 | Queue | Villager (Male) |
| 7:35 | Queue | Villager (Male) |
| 8:10 | Research | Feudal Age |
| 8:32 | Build | House |
| 9:04 | Build | Mining Camp |
| 9:21 | Queue | Villager (Male) |
| 9:21 | Queue | Villager (Male) |
| 10:20 | Age | Feudal Age |
| 10:56 | Build | Market |
| 10:59 | Build | Blacksmith |
| 11:10 | Queue | Villager (Male) |
| 11:19 | Build | Farm |
| 11:19 | Build | Farm |
| 11:27 | Build | Farm |
| 11:28 | Build | Farm |
| 11:35 | Queue | Villager (Male) |
| 11:42 | Build | Farm |
| 11:59 | Queue | Villager (Male) |
| 12:37 | Research | Castle Age |
| 13:03 | Build | House |
| 13:04 | Build | House |
| 13:55 | Queue | Villager (Male) |
| 14:15 | Research | Double-Bit Axe |
| 14:18 | Research | Horse Collar |
| 14:48 | Queue | Villager (Male) |
| 15:17 | Age | Castle Age |
| 15:20 | Queue | Villager (Male) |
| 15:21 | Queue | Villager (Male) |
| 15:29 | Queue | Villager (Male) |
| 15:41 | Build | Town Center |
| 15:41 | Queue | Villager (Male) |
| 15:53 | Build | Town Center |
| 16:02 | Queue | Villager (Male) |
| 16:23 | Queue | Villager (Male) |
| 16:39 | Queue | Villager (Male) |
| 16:58 | Research | Bow Saw |
| 17:03 | Research | Heavy Plow |
| 17:18 | Build | Farm |
| 17:19 | Build | Farm |
| 17:25 | Build | Farm |
| 17:36 | Queue | Villager (Male) |
| 17:37 | Queue | Villager (Male) |
| 17:41 | Build | Farm |
| 17:42 | Build | Farm |
| 18:05 | Queue | Villager (Male) |
| 18:16 | Build | Barracks |
| 18:19 | Queue | Villager (Male) |
| 18:19 | Queue | Villager (Male) |
| 18:23 | Build | Farm |
| 18:24 | Build | Farm |
| 18:25 | Build | Farm |
| 18:29 | Build | Farm |
| 18:34 | Build | Farm |
| 18:49 | Queue | Villager (Male) |
| 18:50 | Queue | Villager (Male) |
| 18:58 | Build | Farm |
| 19:03 | Build | Farm |
| 19:05 | Queue | Villager (Male) |
| 19:06 | Queue | Villager (Male) |
| 19:08 | Build | Farm |
| 19:23 | Queue | Villager (Male) |
| 19:39 | Build | Stable |
| 19:50 | Queue | Villager (Male) |
| 19:50 | Queue | Villager (Male) |
| 19:51 | Queue | Villager (Male) |
| 19:51 | Queue | Villager (Male) |
| 19:58 | Queue | Villager (Male) |
| 19:58 | Queue | Villager (Male) |
| 20:01 | Build | Farm |
| 20:02 | Build | Farm |
| 20:04 | Queue | Villager (Male) |
| 20:20 | Queue | Scout Cavalry |
| 20:29 | Queue | Villager (Male) |
| 20:34 | Queue | Villager (Male) |
| 20:34 | Queue | Villager (Male) |
| 20:38 | Build | Farm |
| 20:44 | Build | House |
| 20:45 | Build | House |
| 20:47 | Queue | Scout Cavalry |
| 20:57 | Queue | Knight |
| 20:58 | Queue | Villager (Male) |
| 20:58 | Queue | Villager (Male) |
| 21:04 | Build | Siege Workshop |
| 21:22 | Queue | Knight |
| 21:22 | Queue | Knight |
| 21:50 | Queue | Mangonel |
| 21:56 | Build | House |
| 22:16 | Research | Bloodlines |
| 22:18 | Research | Husbandry |
| 22:24 | Queue | Villager (Male) |
| 22:24 | Queue | Villager (Male) |
| 22:24 | Queue | Villager (Male) |
| 22:29 | Build | House |
| 22:37 | Queue | Scout Cavalry |
| 22:38 | Queue | Scout Cavalry |
| 22:45 | Build | Stable |
| 23:38 | Build | Stone Wall |
| 23:51 | Research | Light Cavalry (upgrade) |
| 23:51 | Queue | Scout Cavalry |
| 23:52 | Queue | Scout Cavalry |
| 24:04 | Queue | Knight |
| 24:06 | Research | Bloodlines |
| 24:12 | Build | Gate |
| 24:14 | Queue | Villager (Male) |
| 24:30 | Build | Castle |
| 24:43 | Queue | Knight |
| 25:01 | Research | Husbandry |
| 25:05 | Queue | Villager (Male) |
| 25:05 | Queue | Villager (Male) |
| 25:23 | Queue | Villager (Male) |
| 25:23 | Queue | Villager (Male) |
| 25:23 | Queue | Villager (Male) |
| 25:24 | Research | Loom |
| 25:39 | Queue | Knight |
| 25:39 | Queue | Knight |
| 25:40 | Queue | Villager (Male) |
| 25:40 | Queue | Villager (Male) |
| 25:42 | Queue | Villager (Male) |
| 25:42 | Queue | Villager (Male) |
| 25:43 | Build | Farm |
Build order — ELEG | IronLeg
First 150 of 437 actions detected
| 0:01 | Queue | Villager (Male) |
| 0:02 | Build | House |
| 0:03 | Build | House |
| 0:08 | Queue | Villager (Male) |
| 0:09 | Queue | Villager (Male) |
| 0:09 | Queue | Villager (Male) |
| 0:47 | Build | Mill |
| 1:20 | Queue | Villager (Male) |
| 1:35 | Build | House |
| 1:47 | Queue | Villager (Male) |
| 1:48 | Queue | Villager (Male) |
| 2:11 | Build | House |
| 2:29 | Queue | Villager (Male) |
| 2:54 | Queue | Villager (Male) |
| 2:54 | Queue | Villager (Male) |
| 3:12 | Queue | Villager (Male) |
| 3:12 | Queue | Villager (Male) |
| 3:33 | Queue | Villager (Male) |
| 3:33 | Queue | Villager (Male) |
| 3:49 | Queue | Villager (Male) |
| 4:12 | Queue | Villager (Male) |
| 4:12 | Queue | Villager (Male) |
| 4:46 | Queue | Villager (Male) |
| 4:46 | Queue | Villager (Male) |
| 4:48 | Queue | Villager (Male) |
| 4:48 | Queue | Villager (Male) |
| 4:48 | Queue | Villager (Male) |
| 4:50 | Queue | Villager (Male) |
| 5:23 | Queue | Villager (Male) |
| 7:03 | Queue | Villager (Male) |
| 7:03 | Queue | Villager (Male) |
| 7:16 | Build | Lumber Camp |
| 7:59 | Build | Mining Camp |
| 8:00 | Research | Feudal Age |
| 8:04 | Queue | Villager (Male) |
| 8:05 | Queue | Villager (Male) |
| 9:08 | Build | House |
| 9:45 | Queue | Villager (Male) |
| 10:10 | Age | Feudal Age |
| 10:28 | Build | Blacksmith |
| 10:40 | Build | Market |
| 11:29 | Research | Castle Age |
| 11:41 | Build | House |
| 13:01 | Queue | Villager (Male) |
| 13:05 | Research | Loom |
| 14:09 | Age | Castle Age |
| 14:11 | Build | Monastery |
| 14:14 | Build | Siege Workshop |
| 14:18 | Queue | Villager (Male) |
| 14:23 | Research | Double-Bit Axe |
| 15:10 | Queue | Monk |
| 15:28 | Queue | Villager (Male) |
| 15:33 | Queue | Monk |
| 15:35 | Queue | Armored Elephant |
| 15:36 | Build | House |
| 15:39 | Build | House |
| 15:43 | Queue | Villager (Male) |
| 15:59 | Queue | Armored Elephant |
| 16:09 | Queue | Monk |
| 16:11 | Build | House |
| 16:15 | Queue | Villager (Male) |
| 16:24 | Build | Lumber Camp |
| 16:26 | Build | Farm |
| 16:27 | Build | Farm |
| 16:27 | Build | Farm |
| 16:27 | Build | Farm |
| 16:42 | Queue | Villager (Male) |
| 16:43 | Queue | Villager (Male) |
| 16:46 | Build | Farm |
| 17:34 | Research | Redemption |
| 17:53 | Queue | Villager (Male) |
| 17:55 | Build | House |
| 17:57 | Build | Farm |
| 17:58 | Build | Farm |
| 17:58 | Build | Farm |
| 17:58 | Build | Farm |
| 18:09 | Queue | Villager (Male) |
| 18:10 | Build | House |
| 18:27 | Build | Farm |
| 18:33 | Queue | Villager (Male) |
| 19:04 | Queue | Villager (Male) |
| 19:08 | Build | Town Center |
| 19:15 | Queue | Monk |
| 19:36 | Queue | Villager (Male) |
| 19:45 | Queue | Villager (Male) |
| 20:03 | Queue | Monk |
| 20:03 | Queue | Villager (Male) |
| 20:08 | Queue | Villager (Male) |
| 20:11 | Queue | Monk |
| 20:21 | Queue | Villager (Male) |
| 20:30 | Build | Farm |
| 20:31 | Build | Farm |
| 20:31 | Build | Farm |
| 20:31 | Build | Farm |
| 20:34 | Queue | Villager (Male) |
| 20:54 | Queue | Armored Elephant |
| 21:02 | Build | Barracks |
| 21:06 | Queue | Villager (Male) |
| 21:08 | Build | Farm |
| 21:09 | Build | Farm |
| 21:24 | Build | Farm |
| 21:25 | Queue | Villager (Male) |
| 21:43 | Queue | Villager (Male) |
| 21:47 | Queue | Villager (Male) |
| 21:49 | Build | House |
| 21:52 | Build | Stable |
| 21:58 | Queue | Villager (Male) |
| 22:00 | Build | Farm |
| 22:01 | Queue | Villager (Male) |
| 22:05 | Queue | Monk |
| 22:05 | Queue | Monk |
| 22:12 | Queue | Villager (Male) |
| 22:14 | Build | House |
| 22:14 | Build | House |
| 22:28 | Queue | Villager (Male) |
| 22:35 | Queue | Villager (Male) |
| 22:37 | Build | Farm |
| 22:48 | Build | Siege Workshop |
| 22:51 | Queue | Camel Scout |
| 22:51 | Queue | Camel Scout |
| 23:08 | Research | Scale Barding Armor |
| 23:08 | Research | Forging |
| 23:14 | Research | Husbandry |
| 23:14 | Research | Husbandry |
| 23:33 | Queue | Villager (Male) |
| 23:35 | Queue | Camel Scout |
| 23:39 | Build | Farm |
| 23:40 | Build | Farm |
| 23:41 | Build | Farm |
| 23:42 | Queue | Villager (Male) |
| 23:48 | Queue | Villager (Male) |
| 23:53 | Build | Town Center |
| 23:57 | Build | Lumber Camp |
| 24:11 | Queue | Villager (Male) |
| 24:18 | Build | Siege Workshop |
| 24:21 | Queue | Shrivamsha Rider |
| 24:21 | Queue | Shrivamsha Rider |
| 24:21 | Queue | Shrivamsha Rider |
| 24:33 | Build | Farm |
| 24:40 | Research | Wheelbarrow |
| 24:41 | Queue | Villager (Male) |
| 24:41 | Queue | Villager (Male) |
| 24:43 | Queue | Camel Scout |
| 24:56 | Queue | Villager (Male) |
| 25:06 | Build | House |
| 25:07 | Build | House |
| 25:10 | Queue | Villager (Male) |
| 25:10 | Queue | Villager (Male) |
| 25:25 | Queue | Monk |
| 25:26 | Queue | Camel Scout |
Build order — Lord Pittbull
First 150 of 466 actions detected
| 0:01 | Queue | Villager (Male) ×4 |
| 0:02 | Build | House |
| 0:03 | Build | House |
| 1:49 | Queue | Villager (Male) |
| 2:09 | Queue | Villager (Male) |
| 3:05 | Queue | Villager (Male) |
| 3:05 | Queue | Villager (Male) |
| 3:05 | Queue | Villager (Male) |
| 3:38 | Queue | Villager (Male) |
| 3:59 | Queue | Villager (Male) |
| 4:21 | Queue | Villager (Male) |
| 4:31 | Build | Lumber Camp |
| 4:40 | Build | House |
| 4:43 | Build | House |
| 5:20 | Queue | Villager (Male) |
| 5:20 | Queue | Villager (Male) |
| 5:45 | Queue | Villager (Male) |
| 6:12 | Queue | Villager (Male) |
| 6:48 | Queue | Villager (Male) |
| 7:27 | Queue | Villager (Male) |
| 7:27 | Queue | Villager (Male) |
| 7:52 | Queue | Villager (Male) |
| 8:07 | Build | Mill |
| 8:38 | Research | Feudal Age |
| 9:29 | Build | Mining Camp |
| 9:34 | Queue | Villager (Male) |
| 10:52 | Age | Feudal Age |
| 10:52 | Research | Horse Collar |
| 10:53 | Research | Horse Collar |
| 10:56 | Build | Farm |
| 10:56 | Build | Farm |
| 10:56 | Build | Farm |
| 10:56 | Build | Farm |
| 10:57 | Build | Farm |
| 11:00 | Build | Farm |
| 11:00 | Build | Farm |
| 11:00 | Build | Farm |
| 11:03 | Build | Farm |
| 11:14 | Queue | Villager (Male) |
| 11:17 | Build | Farm |
| 11:17 | Build | Farm |
| 11:23 | Build | Market |
| 11:28 | Queue | Villager (Male) |
| 11:33 | Research | Double-Bit Axe |
| 11:49 | Build | Stone Wall |
| 11:54 | Build | House |
| 12:06 | Build | House |
| 12:12 | Queue | Villager (Male) |
| 13:05 | Queue | Villager (Male) |
| 13:26 | Build | Blacksmith |
| 13:43 | Queue | Villager (Male) |
| 14:13 | Research | Castle Age |
| 14:51 | Build | Farm |
| 16:11 | Queue | Villager (Male) |
| 16:51 | Build | Mining Camp |
| 16:53 | Age | Castle Age |
| 16:54 | Build | House |
| 17:02 | Build | Town Center |
| 17:06 | Queue | Villager (Male) |
| 17:12 | Research | Heavy Plow |
| 17:20 | Research | Bow Saw |
| 17:21 | Queue | Villager (Male) |
| 18:09 | Queue | Villager (Male) |
| 18:10 | Queue | Villager (Male) |
| 18:11 | Queue | Villager (Male) |
| 18:25 | Build | Town Center |
| 18:29 | Queue | Villager (Male) |
| 18:33 | Build | Farm |
| 18:34 | Build | Farm |
| 18:34 | Build | Farm |
| 18:35 | Build | Farm |
| 18:35 | Build | Farm |
| 18:35 | Build | Farm |
| 18:36 | Build | Farm |
| 18:36 | Build | Farm |
| 18:50 | Queue | Villager (Male) |
| 19:03 | Queue | Villager (Male) |
| 19:03 | Queue | Villager (Male) |
| 19:08 | Queue | Villager (Male) |
| 19:08 | Queue | Villager (Male) |
| 19:42 | Queue | Villager (Male) |
| 19:42 | Queue | Villager (Male) |
| 19:53 | Build | Mill |
| 19:54 | Build | Farm |
| 19:54 | Build | Farm |
| 19:54 | Build | Farm |
| 19:55 | Build | Farm |
| 19:55 | Build | Farm |
| 19:55 | Build | Farm |
| 19:56 | Build | Farm |
| 20:02 | Build | Farm |
| 20:03 | Build | Farm |
| 20:05 | Queue | Villager (Male) |
| 20:05 | Queue | Villager (Male) |
| 20:11 | Build | Farm |
| 20:14 | Build | Farm |
| 20:14 | Build | Farm |
| 20:15 | Build | Farm |
| 20:22 | Queue | Villager (Male) |
| 20:22 | Queue | Villager (Male) |
| 20:23 | Queue | Villager (Male) |
| 20:25 | Research | Gold Mining |
| 20:52 | Build | Town Center |
| 20:55 | Queue | Villager (Male) |
| 20:59 | Queue | Villager (Male) |
| 21:09 | Build | Farm |
| 21:09 | Build | Farm |
| 21:09 | Build | Farm |
| 21:18 | Build | House |
| 21:22 | Build | House |
| 21:24 | Build | House |
| 21:29 | Build | House |
| 21:31 | Build | House |
| 21:32 | Build | House |
| 21:33 | Build | House |
| 21:34 | Build | House |
| 21:36 | Build | House |
| 21:38 | Build | House |
| 21:39 | Build | House |
| 21:39 | Build | House |
| 21:41 | Build | House |
| 21:42 | Queue | Villager (Male) ×5 |
| 21:49 | Build | Farm |
| 21:54 | Queue | Villager (Male) |
| 22:06 | Build | Farm |
| 22:06 | Build | Farm |
| 22:07 | Build | Farm |
| 22:07 | Build | Farm |
| 22:11 | Queue | Villager (Male) |
| 22:14 | Queue | Villager (Male) |
| 22:15 | Queue | Villager (Male) |
| 22:17 | Queue | Villager (Male) ×3 |
| 22:24 | Queue | Villager (Male) |
| 22:36 | Queue | Villager (Male) ×3 |
| 22:52 | Build | Town Center |
| 22:55 | Queue | Villager (Male) ×3 |
| 23:00 | Queue | Villager (Male) |
| 23:05 | Queue | Villager (Male) |
| 23:11 | Build | Mining Camp |
| 23:23 | Build | Mining Camp |
| 23:27 | Queue | Villager (Male) ×4 |
| 23:36 | Research | Stone Mining |
| 23:47 | Queue | Villager (Male) ×3 |
| 24:01 | Queue | Villager (Male) |
| 24:01 | Queue | Villager (Male) |
| 24:01 | Queue | Villager (Male) |
| 24:03 | Queue | Villager (Male) |
| 24:04 | Queue | Villager (Male) |
| 24:12 | Build | Farm |
| 24:12 | Build | Farm |
Build order — Saturno 1343
First 150 of 654 actions detected
| 0:01 | Queue | Villager (Male) |
| 0:01 | Queue | Villager (Male) |
| 0:02 | Build | House |
| 0:03 | Build | House |
| 0:07 | Queue | Villager (Male) |
| 0:09 | Queue | Villager (Male) |
| 1:30 | Queue | Villager (Male) |
| 1:32 | Build | Lumber Camp |
| 1:51 | Queue | Villager (Male) |
| 2:18 | Queue | Villager (Male) |
| 2:45 | Queue | Villager (Male) |
| 3:08 | Queue | Villager (Male) |
| 3:12 | Queue | Villager (Male) |
| 3:12 | Queue | Villager (Male) |
| 3:51 | Build | House |
| 3:53 | Build | House |
| 3:56 | Queue | Villager (Male) |
| 4:01 | Queue | Villager (Male) |
| 4:02 | Queue | Villager (Male) |
| 4:28 | Queue | Villager (Male) |
| 4:39 | Build | Mill |
| 4:47 | Queue | Villager (Male) |
| 5:43 | Queue | Villager (Male) |
| 5:51 | Queue | Villager (Male) |
| 5:59 | Queue | Villager (Male) |
| 6:01 | Queue | Villager (Male) |
| 6:14 | Queue | Villager (Male) |
| 6:45 | Queue | Villager (Male) |
| 6:52 | Build | Farm |
| 6:54 | Build | Farm |
| 7:08 | Queue | Villager (Male) |
| 7:33 | Queue | Villager (Male) |
| 7:42 | Build | Mining Camp |
| 7:50 | Queue | Villager (Male) |
| 8:11 | Research | Feudal Age |
| 8:42 | Build | Farm |
| 9:45 | Build | House |
| 10:12 | Queue | Villager (Male) |
| 10:31 | Age | Feudal Age |
| 10:33 | Build | Blacksmith |
| 10:38 | Build | Market |
| 10:50 | Queue | Villager (Male) |
| 11:16 | Build | Farm |
| 11:24 | Build | Farm |
| 11:27 | Research | Castle Age |
| 11:27 | Research | Castle Age |
| 11:37 | Build | House |
| 12:06 | Research | Double-Bit Axe |
| 12:07 | Research | Double-Bit Axe |
| 12:10 | Build | Farm |
| 12:16 | Build | Farm |
| 12:29 | Build | House |
| 12:39 | Build | Farm |
| 12:53 | Research | Horse Collar |
| 12:53 | Research | Horse Collar |
| 14:06 | Age | Castle Age |
| 14:10 | Queue | Villager (Male) |
| 14:11 | Queue | Villager (Male) |
| 14:18 | Build | Town Center |
| 14:22 | Research | Bow Saw |
| 14:37 | Queue | Villager (Male) |
| 14:38 | Research | Gold Mining |
| 14:58 | Queue | Villager (Male) |
| 15:29 | Build | Monastery |
| 15:33 | Queue | Villager (Male) |
| 15:36 | Research | Heavy Plow |
| 15:43 | Queue | Villager (Male) |
| 15:43 | Queue | Villager (Male) |
| 15:43 | Queue | Villager (Male) |
| 15:48 | Build | Farm |
| 15:58 | Build | Farm |
| 16:07 | Queue | Villager (Male) |
| 16:07 | Queue | Villager (Male) |
| 16:11 | Build | Farm |
| 16:13 | Queue | Villager (Male) |
| 16:18 | Queue | Villager (Male) |
| 16:26 | Queue | Monk |
| 16:27 | Queue | Monk |
| 16:29 | Build | Farm |
| 16:30 | Queue | Villager (Male) |
| 16:35 | Build | Farm |
| 16:37 | Build | Farm |
| 16:40 | Build | Farm |
| 16:46 | Queue | Villager (Male) |
| 16:52 | Build | Farm |
| 16:54 | Build | Farm |
| 17:07 | Queue | Villager (Male) |
| 17:07 | Queue | Villager (Male) |
| 17:10 | Build | Farm |
| 17:10 | Queue | Villager (Male) |
| 17:12 | Build | Farm |
| 17:14 | Build | Farm |
| 17:20 | Build | Mining Camp |
| 17:24 | Queue | Villager (Male) |
| 17:29 | Build | Farm |
| 17:30 | Build | Farm |
| 17:35 | Build | Farm |
| 17:36 | Queue | Villager (Male) |
| 17:37 | Build | House |
| 17:50 | Queue | Villager (Male) |
| 17:59 | Queue | Villager (Male) |
| 18:03 | Build | House |
| 18:11 | Queue | Villager (Male) |
| 18:14 | Build | House |
| 18:14 | Build | House |
| 18:18 | Queue | Villager (Male) |
| 18:22 | Research | Wheelbarrow |
| 18:25 | Queue | Villager (Male) |
| 18:32 | Queue | Villager (Male) |
| 18:48 | Build | Town Center |
| 18:49 | Queue | Villager (Male) |
| 18:51 | Queue | Villager (Male) |
| 18:59 | Research | Stone Mining |
| 19:02 | Queue | Villager (Male) |
| 19:06 | Build | Farm |
| 19:17 | Queue | Villager (Male) |
| 19:23 | Queue | Villager (Male) |
| 19:27 | Build | House |
| 19:28 | Queue | Villager (Male) |
| 19:37 | Build | Farm |
| 19:37 | Build | Farm |
| 19:39 | Queue | Villager (Male) |
| 19:40 | Build | Farm |
| 19:46 | Research | Gold Shaft Mining |
| 19:47 | Queue | Villager (Male) |
| 19:54 | Build | Farm |
| 19:59 | Build | House |
| 20:00 | Build | House |
| 20:00 | Queue | Villager (Male) |
| 20:06 | Queue | Monk |
| 20:06 | Queue | Villager (Male) |
| 20:12 | Queue | Villager (Male) |
| 20:18 | Queue | Villager (Male) |
| 20:24 | Build | Farm |
| 20:24 | Queue | Villager (Male) |
| 20:31 | Queue | Villager (Male) |
| 20:35 | Build | Farm |
| 20:36 | Build | Farm |
| 20:37 | Build | Farm |
| 20:42 | Queue | Villager (Male) |
| 20:53 | Research | Hand Cart |
| 20:54 | Queue | Villager (Male) |
| 20:54 | Queue | Villager (Male) |
| 20:54 | Queue | Villager (Male) |
| 20:55 | Queue | Villager (Male) |
| 20:57 | Build | House |
| 20:58 | Build | House |
| 21:01 | Research | Fervor |
| 21:10 | Queue | Villager (Male) |
| 21:10 | Queue | Villager (Male) |
Match timeline
| 10:10 | ELEG | IronLeg · age_up feudal |
| 10:20 | Blaich · age_up feudal |
| 10:31 | Saturno 1343 · age_up feudal |
| 10:42 | 8oE. Jonza · age_up feudal |
| 10:52 | Lord Pittbull · age_up feudal |
| 11:42 | ASHBORN · age_up feudal |
| 11:49 | Lord Pittbull · wall_segment Stone Wall x5 |
| 12:03 | Sir Percival · age_up feudal |
| 12:06 | Blaich · first_market_buy 100 food |
| 12:08 | Blaich · first_market_sell 100 wood |
| 12:17 | Havsutsikt · age_up feudal |
| 13:05 | Sir Percival · first_market_buy 100 food |
| 13:08 | Sir Percival · first_market_sell 100 wood |
| 13:35 | ASHBORN · first_building Barracks |
| 13:44 | Havsutsikt · wall_segment Palisade Wall x1 |
| 14:06 | Saturno 1343 · age_up castle |
| 14:09 | ELEG | IronLeg · age_up castle |
| 14:11 | ELEG | IronLeg · first_building Monastery |
| 14:14 | ELEG | IronLeg · first_building Siege Workshop |
| 14:57 | ASHBORN · first_building Stable |
| 15:03 | Havsutsikt · first_building Barracks |
| 15:17 | Blaich · age_up castle |
| 15:29 | Saturno 1343 · first_building Monastery |
| 15:54 | Havsutsikt · age_up castle |
| 16:06 | Havsutsikt · first_building Monastery |
| 16:09 | ASHBORN · age_up castle |
| 16:13 | Saturno 1343 · first_market_buy 100 food |
| 16:23 | Sir Percival · age_up castle |
| 16:52 | Sir Percival · first_building Siege Workshop |
| 16:53 | Lord Pittbull · age_up castle |
| 17:17 | Sir Percival · first_building Castle |
| 18:16 | Blaich · first_building Barracks |
| 19:23 | 8oE. Jonza · first_building Barracks |
| 19:39 | Blaich · first_building Stable |
| 20:02 | Havsutsikt · tribute_sent a jugador 1 |
| 20:02 | Havsutsikt · tribute_sent a jugador 2 |
| 20:02 | Havsutsikt · tribute_sent a jugador 4 |
| 20:02 | Havsutsikt · tribute_sent a jugador 5 |
| 20:02 | Havsutsikt · tribute_sent a jugador 6 |
| 20:02 | Havsutsikt · tribute_sent a jugador 7 |
| 20:02 | Havsutsikt · tribute_sent a jugador 8 |
| 20:37 | Lord Pittbull · first_market_buy 100 stone |
| 20:53 | ELEG | IronLeg · first_market_buy 100 food |
| 21:02 | ELEG | IronLeg · first_building Barracks |
| 21:04 | Blaich · first_building Siege Workshop |
| 21:52 | ELEG | IronLeg · first_building Stable |
| 22:03 | 8oE. Jonza · first_building Stable |
| 23:34 | 8oE. Jonza · age_up castle |
| 23:38 | Blaich · wall_segment Stone Wall x1 |
| 24:20 | Saturno 1343 · first_building Castle |
| 24:30 | Blaich · first_building Castle |
| 24:32 | Saturno 1343 · first_market_sell 100 wood |
| 24:52 | Saturno 1343 · first_building Barracks |
| 24:59 | ASHBORN · first_building Monastery |
| 25:07 | Havsutsikt · first_building Stable |
| 25:37 | Lord Pittbull · first_building Castle |
| 25:42 | Havsutsikt · first_building Archery Range |
| 25:56 | Saturno 1343 · first_building Stable |
| 26:09 | Blaich · wall_segment Stone Wall x2 |
| 26:11 | Blaich · wall_segment Stone Wall x2 |
| 26:13 | Blaich · wall_segment Stone Wall x2 |
| 26:52 | Lord Pittbull · first_building Barracks |
| 27:35 | Saturno 1343 · first_building Siege Workshop |
| 27:41 | Blaich · wall_segment Stone Wall x1 |
| 27:42 | Blaich · wall_segment Stone Wall x1 |
| 28:07 | Saturno 1343 · age_up imperial |
| 28:46 | 8oE. Jonza · first_building Siege Workshop |
| 29:36 | Havsutsikt · wall_segment Stone Wall x4 |
| 29:38 | Havsutsikt · wall_segment Stone Wall x7 |
| 30:31 | Havsutsikt · wall_segment Stone Wall x9 |
| 30:42 | Lord Pittbull · first_market_sell 500 stone |
| 30:46 | ASHBORN · first_market_buy 100 wood |
| 30:46 | ASHBORN · age_up imperial |
| 31:22 | Lord Pittbull · first_building Siege Workshop |
| 31:36 | Havsutsikt · first_building Castle |
| 32:05 | Havsutsikt · age_up imperial |
| 32:41 | Blaich · wall_segment Stone Wall x4 |
| 32:44 | Blaich · wall_segment Stone Wall x3 |
| 33:08 | Havsutsikt · wall_segment Stone Wall x4 |
| 33:18 | Havsutsikt · wall_segment Stone Wall x1 |
| 33:21 | Havsutsikt · wall_segment Stone Wall x1 |
| 33:34 | Sir Percival · first_building Barracks |
| 33:54 | Lord Pittbull · age_up imperial |
| 34:07 | Havsutsikt · wall_segment Stone Wall x1 |
| 34:08 | Havsutsikt · wall_segment Stone Wall x1 |
| 34:11 | Havsutsikt · wall_segment Stone Wall x1 |
| 34:12 | Havsutsikt · wall_segment Stone Wall x1 |
| 34:14 | Havsutsikt · wall_segment Stone Wall x1 |
| 34:36 | Blaich · wall_segment Stone Wall x1 |
| 34:42 | Blaich · wall_segment Stone Wall x7 |
| 34:44 | Blaich · wall_segment Stone Wall x1 |
| 34:58 | Blaich · wall_segment Stone Wall x1 |
| 34:59 | Blaich · wall_segment Stone Wall x1 |
| 35:09 | Saturno 1343 · first_building Archery Range |
| 35:12 | Blaich · wall_segment Stone Wall x7 |
| 35:45 | Blaich · wall_segment Stone Wall x9 |
| 35:49 | Blaich · wall_segment Stone Wall x1 |
| 35:51 | 8oE. Jonza · first_building Monastery |
| 36:54 | Blaich · wall_segment Stone Wall x1 |
| 36:55 | Blaich · wall_segment Stone Wall x1 |
| 36:57 | Blaich · wall_segment Stone Wall x1 |
| 38:00 | Lord Pittbull · wall_segment Stone Wall x12 |
| 38:36 | Havsutsikt · wall_segment Stone Wall x3 |
| 39:06 | Blaich · tribute_sent a jugador 1 |
| 39:06 | Blaich · tribute_sent a jugador 2 |
| 39:06 | Blaich · tribute_sent a jugador 3 |
| 39:06 | Blaich · tribute_sent a jugador 4 |
| 39:06 | Blaich · tribute_sent a jugador 6 |
| 39:06 | Blaich · tribute_sent a jugador 7 |
| 39:06 | Blaich · tribute_sent a jugador 8 |
| 39:43 | ELEG | IronLeg · age_up imperial |
| 40:53 | Havsutsikt · first_market_buy 100 stone |
| 41:26 | 8oE. Jonza · first_building Castle |
| 41:29 | Havsutsikt · first_building Siege Workshop |
| 42:02 | Blaich · tribute_sent a jugador 1 |
| 42:02 | Blaich · tribute_sent a jugador 2 |
| 42:02 | Blaich · tribute_sent a jugador 3 |
| 42:02 | Blaich · tribute_sent a jugador 4 |
| 42:02 | Blaich · tribute_sent a jugador 6 |
| 42:02 | Blaich · tribute_sent a jugador 7 |
| 42:02 | Blaich · tribute_sent a jugador 8 |
| 44:20 | 8oE. Jonza · age_up imperial |
| 44:42 | ASHBORN · first_building Castle |
| 45:18 | Lord Pittbull · resign |
[ AI ANALYSIS · 1 CREDIT ]
What really happened in this match?
Wolo.gg analyzes every decision: build order, eco, micro, common mistakes by bracket. Personalized analysis on WhatsApp or Discord in 30 seconds.
Civ guide
Magyars
Perfil
Jugador #14379037